Map: Nightshade LE

Players

Reynor - Winner!

  • Race: Zerg Zerg
  • Spawn Location: 11:00

ShoWTimE

  • Race: Protoss Protoss
  • Spawn Location: 5:00

Event: IEM Katowice 2020

VOD

Have the link to the VOD?

Description

Time

  • Played on: Feb. 27, 2020, 9:59 a.m.
  • Length: 24:05

All games in this series

Show
View Real Time Build Order
Export as new Build Order

Reynor Zerg - Winner!

Build Orders: Hatch First 

Get SALT Encoding   

  12  0:00  Drone  
  13  0:12  Overlord  
  13  0:17  Drone  
  14  0:31  Drone x2  
  16  0:47  Hatchery  
  15  0:51  Drone  
  15  0:54  Drone  
  17  0:58  Drone  
  18  1:08  Extractor  
  17  1:13  Spawning Pool  
  17  1:15  Drone  
  17  1:20  Drone  
  18  1:30  Drone  
  19  1:39  Drone  
  20  1:50  Overlord  
  20  2:00  Zergling x4  
  20  2:01  Queen x2  
  26  2:11  Drone x2  
  26  2:13  Metabolic Boost  
  28  2:21  Drone  
  28  2:22  Drone  
  30  2:35  Hatchery  
  29  2:37  Drone  
  29  2:40  Drone  
  31  2:44  Drone  
  31  2:46  Overlord  
  32  2:53  Zergling x2  
  32  2:54  Zergling x2  
  32  2:58  Queen  
  34  3:05  Drone x2  
  38  3:09  Overlord  
  38  3:10  Drone  
  38  3:12  Drone  
  40  3:14  Drone  
  41  3:20  Drone, Queen  
  44  3:27  Overlord  
  44  3:30  Drone  
  45  3:36  Drone  
  45  3:38  Spore Crawler  
  45  3:40  Zergling x2  
  45  3:45  Zergling x6  
  48  3:49  Spore Crawler  
  48  3:50  Queen  
  48  3:51  Drone  
  48  3:52  Drone  
  48  3:53  Drone  
  52  3:58  Overlord  
  52  4:05  Spore Crawler, Drone x2  
  52  4:07  Drone  
  53  4:10  Drone x2  
  53  4:12  Drone  
  53  4:15  Drone x2  
  58  4:17  Drone  
  58  4:19  Drone  
  58  4:22  Evolution Chamber  
  58  4:23  Drone  
  60  4:27  Drone x3  
  63  4:34  Zergling x6  
  63  4:37  Spore Crawler  
  63  4:41  Drone, Queen  
  66  4:46  Zergling x2  
  66  4:47  Overlord  
  66  4:50  Zerg Melee Weapons Level 1  
  67  4:54  Drone  
  67  4:55  Drone x4  
  67  4:57  Zergling x2  
  73  5:05  Drone  
  70  5:08  Overlord  
  70  5:10  Drone x2  
  70  5:11  Drone x3  
  70  5:12  Drone  
  75  5:14  Extractor  
  75  5:15  Zergling x4  
  75  5:16  Zergling x2, Extractor  
  75  5:20  Overlord  
  75  5:23  Drone  
  75  5:25  Lair  
  75  5:28  Extractor  
  75  5:29  Drone  
  75  5:30  Spore Crawler, Drone  
  75  5:33  Drone  
  77  5:37  Drone  
  77  5:39  Roach Warren  
  77  5:41  Overlord  
  77  5:43  Drone x5  
  77  5:47  Drone  
  77  5:48  Drone  
  83  5:56  Hatchery  
  81  6:00  Drone x5  
  81  6:03  Drone x2  
  87  6:08  Drone  
  87  6:11  Extractor x2, Drone x3  
  85  6:12  Evolution Chamber, Baneling Nest  
  85  6:13  Drone x2  
  85  6:15  Overlord  
  85  6:16  Zergling x4  
  88  6:21  Roach x2  
  92  6:26  Overseer  
  92  6:28  Zergling x4, Roach x2  
  92  6:31  Glial Reconstitution, Overlord  
  98  6:36  Overlord x2  
  98  6:39  Zerg Missile Weapons Level 1  
  98  6:46  Zergling x4, Roach x3  
  106  6:54  Zergling x8  
  107  6:57  Zergling x4  
  104  7:03  Zergling x6  
  104  7:07  Roach  
  104  7:08  Ravager x3  
  110  7:10  Zerg Melee Weapons Level 2  
  110  7:11  Drone x6  
  116  7:17  Infestation Pit  
  116  7:18  Overlord  
  116  7:20  Drone x3  
  118  7:31  Drone x3  
  118  7:34  Roach  
  123  7:40  Zergling x12  
  123  7:41  Pneumatized Carapace  
  129  7:45  Centrifical Hooks  
  129  7:47  Ravager x3  
  129  7:49  Drone x3  
  129  7:51  Zergling x2, Roach x3  
  141  7:53  Overseer  
  141  7:56  Overlord x2  
  142  7:58  Zergling x2  
  142  8:03  Zergling x2  
  142  8:05  Hatchery  
  142  8:08  Zergling x2  
  142  8:10  Overlord  
  142  8:11  Overlord  
  143  8:13  Spire  
  143  8:15  Overlord  
  143  8:18  Zergling x22  
  151  8:20  Baneling x3  
  151  8:21  Baneling x3  
  151  8:23  Ravager x3  
  154  8:30  Baneling x2  
  154  8:31  Zergling x6, Roach  
  154  8:33  Baneling x7  
  159  8:36  Zergling x6  
  159  8:39  Baneling x3  
  162  8:41  Drone x4  
  162  8:42  Drone  
  162  8:43  Extractor  
  162  8:45  Zergling x8, Roach  
  172  8:56  Zerg Missile Weapons Level 2  
  172  8:59  Hive  
  172  9:00  Zergling x14  
  172  9:02  Spore Crawler, Queen  
  178  9:05  Zergling x6  
  178  9:07  Overlord x3  
  183  9:10  Baneling x7  
  183  9:13  Overlord  
  183  9:22  Zergling x6  
  183  9:23  Zergling x8  
  190  9:24  Overlord  
  190  9:29  Zergling x6, Roach  
  190  9:30  Zergling x2  
  196  9:34  Overlord  
  194  9:43  Zergling x20  
  199  9:49  Drone x4  
  199  9:51  Extractor  
  199  9:54  Overlord  
  199  10:03  Spore Crawler  
  199  10:04  Spine Crawler  
  199  10:05  Baneling x5  
  199  10:06  Spine Crawler, Baneling x14  
  196  10:14  Adrenal Glands, Greater Spire, Zerg Melee Weapons Level 3  
  196  10:15  Extractor  
  195  10:41  Zergling x38  
  195  10:42  Zergling x4  
  198  10:51  Overseer  
  198  11:02  Baneling  
  198  11:03  Baneling x5  
  198  11:06  Zergling x4  
  199  11:14  Zerg Missile Weapons Level 3  
  199  11:19  Baneling x25  
  199  11:22  Baneling x5  
  199  11:26  Baneling x3  
  199  11:27  Baneling  
  199  11:39  Queen  
  191  11:47  Zergling x20  
  191  11:54  Zergling x14  
  200  11:59  Zergling x46  
  185  12:02  Zergling x18  
  185  12:05  Roach  
  185  12:06  Zergling x6  
  184  12:09  Zerg Flyer Weapons Level 1  
  184  12:11  Zergling x2, Roach x2  
  184  12:14  Zergling x2, Queen  
  192  12:17  Roach  
  184  12:24  Zergling x6, Roach  
  184  12:27  Roach  
  175  12:30  Roach x2  
  175  12:35  Zergling x4  
  164  12:37  Zergling x2  
  164  12:41  Zergling x18, Roach  
  164  12:43  Zergling x2  
  168  12:47  Pathogen Glands  
  168  12:48  Zergling x2  
  159  12:52  Zergling x6  
  159  12:54  Zergling x2  
  161  13:00  Zergling x4, Extractor  
  161  13:01  Zergling x2  
  161  13:03  Zergling x6  
  165  13:06  Zergling x6  
  165  13:09  Zergling x10  
  165  13:10  Zergling x2  
  165  13:12  Baneling x8  
  174  13:13  Overseer, Baneling x4  
  174  13:15  Baneling  
  174  13:16  Overseer, Baneling x15  
  174  13:18  Corruptor x4  
  182  13:21  Corruptor x2  
  182  13:22  Hatchery  
  185  13:35  Overseer  
  183  13:41  Zergling x8  
  183  13:42  Zergling x16  
  183  13:43  Neural Parasite  
  189  13:50  Brood Lord x4  
  189  13:52  Zerg Ground Armor Level 1  
  197  13:59  Ravager x2  
  197  14:12  Baneling x11  
  197  14:13  Brood Lord x2  
  197  14:25  Zergling x4  
  197  14:38  Zergling x30  
  200  14:42  Overlord  
  200  14:43  Zergling x12  
  196  14:48  Zerg Flyer Weapons Level 2  
  188  14:56  Zergling x22  
  194  15:02  Baneling x12  
  191  15:08  Corruptor x4  
  193  15:31  Zergling x16  
  193  15:32  Zergling x6  
  185  15:50  Ravager  
  185  15:51  Ravager x8  
  185  15:54  Overseer  
  194  16:01  Drone x3  
  193  16:15  Hatchery  
  193  16:16  Zergling x18  
  200  16:20  Zerg Ground Armor Level 2  
  175  16:43  Zergling x2  
  175  16:44  Zergling x28  
  151  16:54  Queen  
  151  16:56  Zergling x4, Roach x3  
  151  17:00  Roach x3  
  151  17:01  Queen  
  164  17:03  Zergling x6  
  164  17:08  Corruptor x4  
  167  17:10  Baneling x5  
  167  17:11  Baneling  
  167  17:15  Corruptor  
  177  17:16  Infestor x2  
  177  17:19  Overlord  
  176  17:27  Spore Crawler  
  175  17:36  Zergling x2  
  175  17:37  Zergling x6  
  176  17:39  Brood Lord x3  
  176  17:42  Brood Lord  
  184  17:44  Baneling  
  184  17:47  Infestor x2  
  188  17:54  Drone x5  
  191  17:59  Zergling x6  
  191  18:00  Zergling x2  
  195  18:09  Spore Crawler, Baneling  
  195  18:10  Baneling x2  
  195  18:11  Spore Crawler  
  193  18:13  Spore Crawler  
  193  18:19  Brood Lord  
  194  18:24  Overlord  
  194  18:30  Zergling x2  
  194  18:32  Overlord  
  194  18:33  Baneling  
  194  18:34  Baneling x5  
  194  18:38  Zerg Flyer Weapons Level 3  
  194  18:39  Overlord  
  193  18:44  Drone x2  
  193  18:48  Overseer  
  195  18:49  Zerg Ground Armor Level 3  
  195  18:50  Baneling x4  
  195  18:55  Zergling x14  
  197  19:03  Drone x3  
  199  19:16  Spore Crawler x2  
  196  19:17  Spine Crawler  
  196  19:18  Spore Crawler  
  196  19:21  Zergling x8  
  196  19:22  Zergling x10  
  193  19:25  Zergling x14  
  178  19:38  Zergling x2, Roach x2  
  178  19:39  Zergling x8  
  178  19:40  Corruptor  
  178  19:41  Corruptor x4  
  178  19:45  Drone x4  
  192  19:49  Infestor  
  192  19:50  Infestor  
  192  19:51  Extractor  
  192  19:52  Extractor  
  193  19:56  Drone x2  
  193  19:57  Drone  
  196  20:03  Spore Crawler  
  196  20:04  Spore Crawler  
  194  20:10  Roach x3  
  194  20:14  Spore Crawler, Overlord  
  199  20:15  Spore Crawler  
  192  20:25  Corruptor x2  
  179  20:33  Corruptor x3  
  176  20:43  Roach x2, Drone  
  176  20:44  Roach  
  176  20:49  Ravager x4  
  189  20:50  Ravager x2  
  189  21:08  Overlord  
  189  21:11  Overseer  
  189  21:12  Overseer  
  189  21:22  Overlord x2  
  189  21:23  Hatchery  
  188  21:25  Burrow  
  188  21:27  Infestor x4  
  188  21:31  Zergling x4  
  196  21:41  Zergling x6  
  196  21:44  Spore Crawler  
  196  21:45  Spore Crawler  
  196  21:46  Spore Crawler  
  190  21:47  Zergling x14  
  195  21:56  Zergling x10  
  189  22:01  Zergling x8  
  180  22:10  Roach x3  
  164  22:23  Infestor x3  
  170  22:33  Corruptor x2  
  174  22:38  Zergling x4  
  174  22:41  Zergling x2  
  161  22:53  Zergling x16  
  167  23:08  Zergling x10, Roach x3  
  169  23:13  Zergling x6  
  169  23:19  Corruptor  
  174  23:27  Drone  
  174  23:28  Extractor  
  174  23:29  Extractor  
  174  23:30  Ravager x3  
  176  23:46  Zergling x18  
  176  23:48  Hatchery  
Show
View Real Time Build Order
Export as new Build Order

ShoWTimE Protoss 

Build Orders: 1 Gate Expand, Oracle Opening, Archon Immortal 

Get SALT Encoding   

  12  0:00  Probe  
  13  0:12  Probe  
  14  0:17  Pylon  
  14  0:25  Probe (Chrono Boost)  
  15  0:37  Probe (Chrono Boost)  
  15  0:40  Gateway  
  16  0:45  Probe (Chrono Boost)  
  16  0:46  Assimilator  
  17  0:51  Probe  
  18  1:03  Probe  
  19  1:15  Probe  
  20  1:23  Nexus  
  20  1:33  Cybernetics Core  
  20  1:35  Probe  
  21  1:42  Assimilator  
  21  1:47  Probe  
  21  1:50  Pylon  
  22  1:59  Probe  
  23  2:06  Adept (Chrono Boost)  
  23  2:11  Probe  
  26  2:19  Stargate  
  26  2:24  Probe (Chrono Boost)  
  26  2:26  Adept (Chrono Boost)  
  29  2:33  Warp Gate  
  29  2:35  Probe (Chrono Boost)  
  31  2:42  Probe (Chrono Boost)  
  32  2:44  Probe (Chrono Boost)  
  32  2:48  Probe (Chrono Boost), Adept  
  32  2:49  Probe (Chrono Boost)  
  36  3:00  Probe  
  36  3:01  Probe  
  36  3:04  Oracle (Chrono Boost)  
  36  3:05  Pylon  
  38  3:12  Probe  
  42  3:13  Probe  
  42  3:19  Adept  
  45  3:24  Probe  
  45  3:25  Probe  
  47  3:28  Gateway  
  47  3:35  Oracle (Chrono Boost)  
  47  3:36  Probe  
  47  3:37  Probe, Pylon  
  52  3:48  Probe  
  52  3:49  Probe  
  54  4:00  Probe  
  54  4:02  Probe  
  56  4:06  Nexus  
  56  4:09  Oracle (Chrono Boost)  
  56  4:12  Probe, Pylon  
  56  4:14  Probe  
  61  4:17  Assimilator  
  61  4:21  Assimilator  
  61  4:25  Probe  
  61  4:29  Pylon  
  61  4:30  Probe  
  63  4:37  Probe, Adept x2  
  68  4:42  Probe  
  68  4:44  Robotics Facility  
  69  4:49  Probe, Forge  
  70  4:54  Probe  
  70  4:59  Shield Battery  
  71  5:01  Probe  
  71  5:06  Probe  
  73  5:07  Sentry x2  
  73  5:13  Probe  
  70  5:18  Probe, Gateway  
  70  5:19  Probe  
  70  5:25  Probe  
  71  5:30  Probe  
  71  5:31  Probe, Protoss Ground Weapons Level 1 (Chrono Boost)  
  71  5:32  Immortal (Chrono Boost)  
  71  5:33  Stalker  
  79  5:37  Probe  
  79  5:38  Sentry  
  79  5:42  Probe  
  83  5:44  Probe  
  83  5:48  Pylon  
  83  5:49  Probe, Twilight Council  
  85  5:52  Photon Cannon  
  85  5:54  Probe  
  85  5:55  Assimilator  
  85  5:56  Probe  
  87  6:01  Probe  
  88  6:06  Probe, Observer  
  88  6:08  Probe  
  91  6:12  Assimilator  
  91  6:13  Probe, Gateway  
  91  6:14  Charge (Chrono Boost)  
  91  6:15  Sentry  
  91  6:16  Zealot  
  96  6:21  Gateway, Pylon  
  96  6:22  Pylon  
  96  6:27  Gateway, Immortal (Chrono Boost)  
  96  6:28  Gateway  
  100  6:39  Templar Archives  
  100  6:44  Gateway  
  100  6:46  Gateway  
  100  6:47  Zealot x3  
  102  7:05  Immortal (Chrono Boost)  
  104  7:09  Photon Cannon  
  104  7:11  Photon Cannon  
  104  7:13  Shield Battery  
  104  7:15  Shield Battery  
  104  7:18  High Templar x4  
  112  7:23  Protoss Ground Weapons Level 2 (Chrono Boost), Archon x2  
  112  7:24  Pylon  
  112  7:27  Gateway  
  112  7:34  Pylon  
  112  7:35  Zealot x2  
  116  7:41  Pylon  
  116  7:42  Warp Prism (Chrono Boost)  
  116  7:43  Zealot x3  
  124  7:55  Pylon  
  124  7:56  Probe x2  
  124  7:57  Robotics Facility  
  126  7:59  Nexus  
  126  8:02  Pylon  
  126  8:08  Probe x3  
  126  8:10  Immortal (Chrono Boost)  
  126  8:11  Zealot x3  
  139  8:21  High Templar x3  
  139  8:23  Probe x3  
  148  8:27  Psionic Storm  
  148  8:29  Photon Cannon  
  148  8:35  Photon Cannon  
  148  8:36  High Templar x2  
  148  8:38  Photon Cannon  
  152  8:41  Pylon  
  152  8:43  Pylon, Shield Battery  
  152  8:45  Zealot x2  
  156  8:49  Assimilator  
  156  8:51  Probe  
  156  8:55  Assimilator  
  157  8:59  Probe, Immortal  
  162  9:05  Probe x2, Photon Cannon  
  162  9:07  High Templar  
  166  9:16  Probe  
  165  9:19  Zealot x5  
  173  9:29  Pylon  
  173  9:30  Pylon  
  173  9:32  Stalker x2  
  173  9:34  Probe, Stalker  
  173  9:36  Phoenix (Chrono Boost), Probe  
  175  9:39  Protoss Ground Weapons Level 3 (Chrono Boost)  
  175  9:40  Probe  
  175  9:42  Probe  
  163  9:46  Probe  
  163  9:50  Immortal  
  162  9:52  High Templar  
  162  9:53  High Templar  
  162  9:54  High Templar x2  
  162  9:56  Gateway  
  162  9:58  Archon  
  170  10:03  Blink (Chrono Boost)  
  170  10:04  Archon  
  170  10:13  Pylon  
  170  10:14  Fleet Beacon  
  170  10:23  Zealot x3  
  170  10:24  Zealot x2  
  170  10:45  Zealot x6  
  182  10:59  Mothership (Chrono Boost), High Templar x4  
  182  11:04  Archon x2  
  190  11:06  Zealot x2  
  198  11:23  Zealot  
  192  11:42  High Templar x3  
  192  11:43  High Templar  
  192  11:46  Archon  
  192  11:51  High Templar x2  
  188  11:55  Archon  
  156  12:05  High Templar x2  
  156  12:06  Zealot x2  
  156  12:24  Zealot x6  
  156  12:25  Nexus  
  156  12:27  Pylon  
  156  12:28  Zealot x2  
  146  12:36  Immortal (Chrono Boost)  
  146  12:37  Immortal (Chrono Boost)  
  132  12:40  Zealot x2  
  128  12:44  Zealot x4  
  128  12:49  Zealot x3  
  125  13:01  High Templar x3  
  127  13:05  Gateway  
  127  13:06  Probe x2  
  127  13:07  Archon  
  127  13:08  High Templar x4, Gateway  
  127  13:09  Zealot x3  
  127  13:10  Gateway  
  127  13:12  Archon x2  
  143  13:13  Immortal x2 (Chrono Boost)  
  151  13:23  Photon Cannon  
  151  13:25  Pylon, High Templar  
  153  13:27  Pylon  
  153  13:29  Protoss Shields Level 1 (Chrono Boost)  
  153  13:34  Photon Cannon  
  153  13:35  Zealot x4  
  153  13:36  Photon Cannon, Stalker  
  161  13:43  Stalker  
  161  13:44  Immortal (Chrono Boost), Stalker  
  158  13:51  High Templar x2  
  158  13:54  Assimilator  
  162  13:57  Photon Cannon  
  162  13:58  Assimilator  
  162  14:00  Observer (Chrono Boost)  
  162  14:01  Photon Cannon  
  163  14:05  Stalker x7  
  163  14:06  Zealot x3  
  183  14:17  Zealot  
  175  14:32  Zealot x3  
  175  14:33  Zealot x3  
  175  14:35  Zealot  
  175  14:36  Zealot x2  
  173  14:38  Zealot x3  
  173  14:39  Zealot  
  159  14:46  Probe  
  159  14:47  Probe x2  
  159  14:48  Probe  
  159  14:54  Zealot x6  
  159  14:55  Photon Cannon  
  161  15:03  High Templar x4  
  161  15:04  High Templar x2  
  161  15:05  Probe  
  164  15:07  Archon x2  
  164  15:08  Archon  
  164  15:09  Probe  
  164  15:12  Stalker  
  167  15:20  High Templar  
  167  15:21  High Templar, Zealot x4  
  171  15:26  Probe x4, Archon  
  166  15:29  Zealot x2  
  166  15:34  Probe  
  168  15:37  Zealot x4  
  168  15:40  Probe  
  167  15:49  Probe x2  
  163  15:53  Probe x2  
  163  15:55  High Templar x3  
  167  16:00  High Templar x2  
  171  16:06  Zealot x2  
  171  16:10  Archon  
  171  16:11  High Templar x2  
  177  16:14  Zealot x2  
  183  16:18  Archon  
  183  16:22  Zealot x2  
  187  16:30  Zealot  
  187  16:31  Zealot x4  
  164  16:43  Zealot x4  
  146  16:50  Tempest (Chrono Boost)  
  125  16:57  Zealot x2  
  125  16:58  Zealot x2  
  125  17:07  Stargate  
  125  17:08  High Templar x4  
  129  17:21  High Templar x2  
  129  17:22  Zealot x5  
  143  17:23  Pylon  
  143  17:27  Probe x2, Archon  
  139  17:37  Warp Prism (Chrono Boost)  
  139  17:40  Tempest (Chrono Boost)  
  146  17:54  Tempest (Chrono Boost)  
  146  17:55  High Templar x2  
  147  18:00  Archon  
  147  18:03  Zealot x3  
  153  18:09  Observer (Chrono Boost)  
  154  18:17  High Templar  
  154  18:18  High Templar  
  158  18:22  Archon, Protoss Air Weapons Level 1 (Chrono Boost)  
  158  18:25  Tempest (Chrono Boost)  
  158  18:30  Nexus  
  163  18:37  Zealot x3  
  166  18:44  Zealot x3  
  168  18:58  High Templar x2  
  168  19:00  Tempest (Chrono Boost)  
  172  19:08  Probe x3  
  172  19:14  High Templar x2, Photon Cannon  
  172  19:15  Zealot x3  
  180  19:19  Archon  
  180  19:21  Zealot x3  
  165  19:28  Zealot x2  
  164  19:36  Probe x3  
  163  19:42  Probe  
  164  19:48  High Templar x2  
  164  19:49  Zealot x4  
  176  19:53  Archon  
  176  19:54  Zealot x2  
  176  19:59  Pylon  
  180  20:03  Archon  
  180  20:04  Zealot  
  182  20:12  Zealot x4  
  190  20:16  Zealot  
  188  20:23  Zealot x3  
  188  20:27  Zealot x4  
  177  20:33  Zealot  
  177  20:34  Zealot  
  159  20:47  High Templar x4  
  159  20:48  High Templar x2  
  171  20:52  Archon x3  
  171  21:07  Pylon  
  171  21:08  High Templar x2  
  171  21:09  Zealot  
  175  21:12  Archon  
  175  21:20  Nexus  
  175  21:21  Pylon  
  175  21:24  Observer  
  176  21:32  Photon Cannon  
  172  21:34  High Templar x2, Zealot x2  
  172  21:35  Zealot x2  
  172  21:38  Archon  
  176  21:41  Zealot x2  
  178  21:48  Zealot  
  174  21:56  Zealot x3  
  155  22:07  Zealot x3  
  137  22:20  Zealot x3  
  141  22:33  High Templar x4  
  141  22:34  Zealot x2  
  153  22:37  Archon x2  
  153  22:41  Zealot  
  128  22:52  Zealot x2  
  132  23:05  High Templar x2  
  134  23:08  Pylon  
  124  23:14  High Templar  
  124  23:15  Zealot x3  
  124  23:19  High Templar  
  126  23:23  Archon  
  126  23:29  Stalker x2  
  128  23:38  Stalker  
  130  23:48  Stalker  

Tags
 
Add a new tag
Caveats
  • Supply blocks, unpowered buildings, or Contaminate may cause inaccurate times.
  • Supply counts are checked every 10 seconds.